 Dungeon Crawl Stone Soup version 0.19-a0-1008-g4c63d25 (webtiles) character file.

46 FrankyJ the Conjurer (level 3, -1/21 HPs)
             Began as an Octopode Conjurer on July 22, 2016.
             Slain by an adder (2 damage)
             ... on level 2 of the Dungeon.
             The game lasted 00:09:15 (2311 turns).

FrankyJ the Conjurer (Octopode Conjurer)            Turns: 2311, Time: 00:09:16

Health: -1/21      AC: -1    Str:  8    XL:     3   Next: 66%
Magic:  0/7        EV: 13    Int: 17    God:
Gold:   72         SH:  0    Dex: 12    Spells: 2 memorised, 4 levels left

rFire  . . .     SeeInvis .     h - +1 dagger
rCold  . . .     Gourm    .     (no shield)
rNeg   . . .     Faith    .     (helmet restricted)
rPois  .         Spirit   .     (no amulet)
rElec  .         Dismiss  .     l - -2 ring of protection (curse)
rCorr  .         Reflect  .     (no ring)
SustAt .         Harm     .     (no ring)
MR     .....                    (no ring)
Stlth  +++.......               (no ring)
                                (no ring)
                                (no ring)
                                (no ring)

@: lethally poisoned (-1 -> -5), not resistant to hostile enchantments, fairly
stealthy
A: almost no armour, amphibious, 8 rings, constrict 8, camouflage 1, gelatinous
body 1
a: no special abilities


You were on level 2 of the Dungeon.
You were not hungry.

You visited 1 branch of the dungeon, and saw 2 of its levels.

You collected 72 gold pieces.

Inventory:

Hand Weapons
 h - a +1 dagger (weapon)
Missiles
 d - 4 tomahawks (quivered)
Jewellery
 l - a cursed -2 ring of protection (left tentacle)
Potions
 c - a potion of berserk rage {unknown}
 i - a potion of degeneration {unknown}
 j - a potion of curing {unknown}
Books
 a - a book of Conjurations

   Spells                             Type                      Level
   a - Magic Dart                     Conjuration                  1
   b - Searing Ray                    Conjuration                  2
   c - Dazzling Spray                 Conjuration/Hexes            3
   d - Fulminant Prism                Conjuration/Hexes            4
   e - Iskenderun's Mystic Blast      Conjuration                  4
   f - Iskenderun's Battlesphere      Conjuration/Charms           5
Comestibles
 b - a bread ration
 f - 2 beef jerkies
 g - 3 chunks of flesh
 k - a meat ration


   Skills:
 + Level 3.1 Dodging
 - Level 2.6 Stealth
 + Level 2.9 Spellcasting
 - Level 4.0 Conjurations


You had 4 spell levels left.
You knew the following spells:

 Your Spells              Type           Power        Failure   Level  Hunger
a - Magic Dart            Conj           ###.         3%          1    #......
b - Searing Ray           Conj           ###...       6%          2    ##.....


Dungeon Overview and Level Annotations

Branches:
Dungeon (2/15)

Altars:


Innate Abilities, Weirdness & Mutations

You cannot wear most types of armour.
You are amphibious.
You can wear up to eight rings at the same time.
You can use your tentacles to constrict eight enemies at once.
Your skin changes colour to match your surroundings (Stealth+).
Your rubbery body absorbs attacks. (AC +1)


Message History

You feel sick. The adder bites you.
You feel sick.
Casting: Magic Dart
Confirm with . or Enter, or press ? or * to list all spells.
Aiming: Magic Dart
Press: ? - help, Shift-Dir - straight line, f/p - adder
Aim: an adder (heavily wounded)
The magic dart hits the adder.
The adder is severely wounded.
The adder bites you. x2
* * * LOW HITPOINT WARNING * * *
* * * LOW HITPOINT WARNING * * *
You feel sick.
You miss the adder. Your grab misses the adder. Your squeeze misses the adder.
The adder is heavily wounded.
The adder bites you.
* * * LOW HITPOINT WARNING * * *
The adder bites you.
You die...

#.....)......# .....#
#............# ...
#....w.......# #.............
#............#
#............##........##....
#............##.........#....
#....w#########.........#....
#..........S@<#.........#....
#.............#......)..#....
#.............#.........#....
##............#........##....
####.........'......####....
#........÷###÷#..##...###
#.........# #.#..##...###
#.........# #.#..##......
#.........# #.#..........


You could see a worm and an adder.

Vanquished Creatures
  An ooze (D:2)
  2 giant geckos (D:1)
  4 giant cockroaches
  6 goblins
  5 hobgoblins
  6 bats
  3 giant newts
  5 kobolds
  5 rats
37 creatures vanquished.

Notes
Turn   | Place    | Note
-------+----------+-------------------------------------------
     0 | D:1      | FrankyJ the Octopode Conjurer began the quest for the Orb.
     0 | D:1      | Reached XP level 1. HP: 11/11 MP: 3/3
   496 | D:1      | Reached XP level 2. HP: 17/17 MP: 0/5
   500 | D:1      | Learned a level 2 spell: Searing Ray
  1460 | D:1      | Reached XP level 3. HP: 21/21 MP: 1/6
  2059 | D:2      | Found a faded altar of an unknown god.
  2311 | D:2      | HP: 1/21 [adder (1)]
  2311 | D:2      | Slain by an adder

Vault maps used:
D:1:      dpeg_arrival_radiant
D:2:      ecumenical_altar_2, minmay_heptomino_o4

Skill      XL: |  1  2  3 |
---------------+----------+-----
Dodging        | 3 |  3.1
Stealth        | |  2.6
Spellcasting   | |  2.9
Conjurations   | |  4.0

Action                   || total
-------------------------++-------
Melee: Unarmed           ||     5
       Constrict         ||     6
       Dagger            ||    13
       Tentacles         ||     3
 Cast: Magic Dart        ||    45
       Searing Ray       ||    15
  Use: Scroll            ||     2
  Eat: Chunk             ||     2
       Meat ration       ||     1
Armor: Skin              ||     1
Dodge: Dodged            ||    28
